 Dungeon Crawl Stone Soup version 0.19-a0-1697-g0595f0e (webtiles) character file.

402 Ijustatesigmund the Cutter (level 7, -7/45 HPs)
             Began as a Halfling Wizard on Sept 26, 2016.
             Killed by divine providence
             ... invoked by an orc priest
              (11 damage)
             ... on level 4 of the Dungeon.
             The game lasted 00:22:43 (5563 turns).

Ijustatesigmund the Cutter (Halfling Wizard)        Turns: 5563, Time: 00:22:44

Health: -7/45      AC: 10    Str:  8    XL:     7   Next: 11%
Magic:  5/10       EV: 15    Int: 17    God:
Gold:   22         SH:  0    Dex: 14    Spells: 3 memorised, 5 levels left

rFire  . . .     SeeInvis .     m - +0 hunting sling
rCold  + . .     Gourm    .     v - +3 leather armour {rC+}
rNeg   . . .     Faith    .     (shield restricted)
rPois  .         Spirit   .     s - +1 helmet
rElec  .         Dismiss  .     u - +0 cloak
rCorr  .         Reflect  .     (no gloves)
MR     .....     Harm     .     (no boots)
Stlth  ++........               (no amulet)
                                (no ring)
                                (no ring)

@: very slightly contaminated, repel missiles
A: mutation resistance 1
a: no special abilities


You were on level 4 of the Dungeon.
You were not hungry.

You visited 1 branch of the dungeon, and saw 4 of its levels.

You collected 286 gold pieces.
You spent 264 gold pieces at shops.

Inventory:

Hand Weapons
 a - a cursed -1 scimitar
 g - a +0 dagger
 i - a +1 short sword of freezing
 m - a +0 hunting sling (weapon)
Missiles
 j - 6 sling bullets (quivered)
Armour
 s - a +1 helmet (worn)
 u - a +0 cloak (worn)
 v - a +3 leather armour of cold resistance (worn)
Scrolls
 e - 3 scrolls of immolation
 k - a scroll of remove curse
 q - a scroll of recharging
Potions
 h - 4 potions of brilliance
 n - a potion of haste
 o - a potion of lignification
 r - a potion of heal wounds {unknown}
Books
 c - a book of Minor Magic

   Spells                             Type                      Level
   a - Magic Dart                     Conjuration                  1
   b - Blink                          Translocation                2
   c - Call Imp                       Summoning                    2
   d - Repel Missiles                 Charms/Air                   2
   e - Slow                           Hexes                        2
   f - Conjure Flame                  Conjuration/Fire             3
   g - Mephitic Cloud                 Conjuration/Poison/Air       3
 l - a book of Power

   Spells                             Type                      Level
   a - Fulminant Prism                Conjuration/Hexes            4
   b - Iskenderun's Mystic Blast      Conjuration                  4
   c - Venom Bolt                     Conjuration/Poison           5
   d - Bolt of Magma                  Conjuration/Fire/Earth       5
   e - Iron Shot                      Conjuration/Earth            6
   f - Orb of Destruction             Conjuration                  7
   g - Spellforged Servitor           Conjuration/Summoning        7
Comestibles
 b - 2 chunks of flesh
 d - 2 bread rations
 p - a royal jelly
 t - a meat ration


   Skills:
 - Level 2.0 Fighting
 + Level 4.2 Short Blades
 + Level 0.0 Slings
 - Level 2.5 Armour
 - Level 3.7 Dodging
 + Level 2.1 Stealth
 - Level 2.4 Spellcasting
 - Level 0.7 Conjurations
   Level 0.7 Summonings
 - Level 3.5 Translocations


You had 5 spell levels left.
You knew the following spells:

 Your Spells              Type           Power        Failure   Level  Hunger
a - Magic Dart            Conj           #...         21%         1    #......
b - Blink                 Tloc           N/A          12%         2    ##.....
c - Repel Missiles        Chrm/Air       #.....       38%         2    ##.....


Dungeon Overview and Level Annotations

Branches:
Dungeon (4/15)
 Temple: D:4-7

Altars:
Cheibriados
Kikubaaqudgha
Okawaru

Shops:
D:4 [


Innate Abilities, Weirdness & Mutations

You are small and have problems with some larger weapons.
You are somewhat resistant to further mutation.


Message History

You shoot a sling bullet.
The sling bullet closely misses the orc priest.
Casting: Magic Dart
Confirm with . or Enter, or press ? or * to list all spells.
Aiming: Magic Dart
Press: ? - help, Shift-Dir - straight line, f/p - orc priest
Aim: an orc priest, wielding a dagger of venom (severely wounded)
The magic dart hits the orc priest.
The orc priest is almost dead.
Casting: Magic Dart
Confirm with . or Enter, or press ? or * to list all spells.
Aiming: Magic Dart
Press: ? - help, Shift-Dir - straight line, f/p - orc priest
Aim: an orc priest, wielding a dagger of venom (almost dead)
You miscast Magic Dart.
You are very lightly contaminated with residual magic.
You smell something strange.
The orc priest calls down the wrath of Beogh upon you.
Beogh smites you!
You die...

####### ##.....##
##.<.....##
###########.........#
#........##.........#
#........##.........#
##......∩.##........(#
#.....@...##.........#
#....o....###.......##
#....o.....##.........#
...........##.>.......#
.#.........##.........#
#..........##.........#
((.........##.........#
######........)......##
######........(##


You could see an orc priest and an orc.

Vanquished Creatures
  An orc priest (D:4)
  An orc wizard (D:4)
  Ijyb (D:3)
  2 worker ants (D:4)
  4 gnolls (D:3)
  8 adders
  2 worms
  3 dart slugs (D:1)
  6 leopard geckos
  16 orcs
  9 bats
  9 giant cockroaches
  10 goblins
  7 hobgoblins
  15 jackals
  3 quokkas
  4 ball pythons
  7 frilled lizards
  12 kobolds
  3 rats
123 creatures vanquished.

Notes
Turn   | Place    | Note
-------+----------+-------------------------------------------
     0 | D:1      | Ijustatesigmund the Halfling Wizard began the quest for the Orb.
     0 | D:1      | Reached XP level 1. HP: 11/11 MP: 3/3
   396 | D:1      | Reached XP level 2. HP: 8/18 MP: 0/5
   400 | D:1      | Learned a level 2 spell: Blink
   403 | D:1      | Learned a level 2 spell: Repel Missiles
   572 | D:1      | Reached skill level 1 in Fighting
   917 | D:1      | Reached XP level 3. HP: 13/23 MP: 0/6
  1549 | D:1      | Reached skill level 1 in Short Blades
  1954 | D:2      | Reached XP level 4. HP: 21/28 MP: 7/7
  2206 | D:2      | Reached skill level 2 in Short Blades
  2228 | D:2      | Found a faded altar of an unknown god.
  2485 | D:2      | Found an ancient bone altar of Kikubaaqudgha.
  2485 | D:2      | Found a snail-covered altar of Cheibriados.
  2546 | D:2      | Found an iron altar of Okawaru.
  2804 | D:2      | Reached XP level 5. HP: 25/33 MP: 3/8
  3794 | D:3      | Noticed Ijyb
  3819 | D:3      | Killed Ijyb
  3819 | D:3      | Reached skill level 3 in Short Blades
  3819 | D:3      | Reached skill level 1 in Armour
  4166 | D:3      | Reached XP level 6. HP: 37/38 MP: 5/9
  5001 | D:4      | Noticed an ogre
  5268 | D:4      | Reached skill level 4 in Short Blades
  5441 | D:4      | Noticed an ogre
  5458 | D:4      | Reached XP level 7. HP: 40/45 MP: 10/10
  5532 | D:4      | Found Mitre's Armour Boutique.
  5540 | D:4      | Bought a +3 leather armour of cold resistance for 264 gold pieces
  5563 | D:4      | Killed from afar by an orc priest

Vault maps used:
D:1:      evilmike_arrival_home_sweet_home
D:2:      grunt_temple_overflow_open, ecumenical_altar_1, minmay_joined_circles
D:3:      uniq_iyjb
D:4:      serial_shops, shop

Skill      XL: |  1  2  3  4  5  6 |
---------------+-------------------+-----
Fighting       | 1 2 |  2.0
Dodging        | 3 |  3.7
Short Blades   | 1 2 3 4 |  4.2
Translocations | 2 3 |  3.5
Armour         | 1 2 |  2.5
Stealth        | |  2.1
Spellcasting   | |  2.4
Conjurations   | |  0.7
Summonings     | |  0.7

Action                   |  1- 3 |  4- 6 |  7- 9 || total
-------------------------+-------+-------+-------++-------
Melee: Dagger            |    54 |       |       ||    54
       Unarmed           |     4 |       |       ||     4
       Short sword       |    25 |   297 |     8 ||   330
 Fire: Hunting sling     |       |       |     6 ||     6
 Cast: Magic Dart        |    64 |   118 |     4 ||   186
       Repel Missiles    |     2 |     2 |       ||     4
  Use: Scroll            |     4 |     6 |     1 ||    11
       Potion            |       |     2 |       ||     2
 Stab: Sleeping          |       |     4 |       ||     4
  Eat: Chunk             |     4 |    11 |     1 ||    16
       Royal jelly       |       |     1 |       ||     1
Armor: Robe              |    28 |    11 |       ||    39
       Ring mail         |       |     9 |       ||     9
       Leather armour    |       |    36 |       ||    36
Dodge: Dodged            |    81 |   277 |     6 ||   364
       Deflected         |     1 |     2 |       ||     3
